 Dungeon Crawl Stone Soup version 0.29-a0-409-gd843f3a48c (webtiles) character file.

Game seed: 15450910314447596297

6 Pelinal the Insei (level 1, -1/10 HPs)
             Began as a Vine Stalker Transmuter on May 14, 2022.
             Succumbed to a goblin's poison
             ... on level 1 of the Dungeon.
             The game lasted 00:00:42 (254 turns).

Pelinal the Insei (Vine Stalker Transmuter)          Turns: 254, Time: 00:00:42

Health: -1/10      AC:  2    Str: 12    XL:     1   Next: 90%
Magic:  3/4        EV: 12    Int: 19    God:
Gold:   24         SH:  0    Dex: 14    Spells: 3/4 levels left

rFire   . . .      SeeInvis .     - Unarmed
rCold   . . .      Faith    .   (no shield)
rNeg    . . .      Spirit   +   a - +0 robe
rPois   .          Reflect  .   (helmet currently unavailable)
rElec   .          Harm     .   (no cloak)
rCorr   .          Rampage  .   (no gloves)
Will    .....                   (boots currently unavailable)
Stlth   +.........              (no amulet)
HPRegen 0.03/turn               d - +6 ring of intelligence
MPRegen 0.09/turn               (no ring)

@: lethally poisoned (-1 -> -14), appendages
A: horns 2, talons 2, fangs 2, magic shield, antimagic bite, no potion heal 2
a: End Transformation


You were on level 1 of the Dungeon.
You had temporarily grown beastly horns and talons.
You visited 1 branch of the dungeon, and saw 1 of its levels.

You collected 24 gold pieces.

Inventory:

Missiles
 f - 24 stones
Armour
 a - a +0 robe (worn)
Jewellery
 d - a +6 ring of intelligence (left hand)
Scrolls
 e - a scroll of identify {unknown}
Potions
 b - a potion of lignification


   Skills:
 - Level 1.0 Fighting
 - Level 1.6 Dodging
 - Level 3.0 Unarmed Combat
 - Level 2.2 Spellcasting
 + Level 2.3 Transmutations


You had 3 spell levels left.
You knew the following spells:

 Your Spells              Type           Power      Damage    Failure   Level
a - Beastly Appendage     Tmut           22%        N/A       6%          1

Your spell library contained the following spells:

 Spells                   Type           Power      Damage    Failure   Level
 Wereblood                Tmut           11%        N/A       10%         2
 Spider Form              Tmut/Pois      6%         N/A       30%         3
 Ice Form                 Ice/Tmut       6%         N/A       69%         4


Dungeon Overview and Level Annotations

Branches:
Dungeon (1/15)

Altars:


Innate Abilities, Weirdness & Mutations

You have temporarily grown beastly horns and talons.
You have extremely sharp teeth.
When hurt, damage is shared between your health and your magic reserves.
Your bite disrupts and absorbs the magic of your enemies.
Potions cannot restore your health.


Message History

There are no items here.
Unknown command.
Your horns disappear.
Your talons disappear.
Found a dagger.
Unknown command.
No target in view!
No target in view!
Unknown command.
You now have 15 gold pieces (gained 7).
You now have 24 gold pieces (gained 9).
A goblin comes into view. It is wielding a +0 dagger of venom.
The goblin shouts!
Unknown command.
Casting: Beastly Appendage (safe; 7% risk of failure)
Confirm with . or Enter, or press ? or * to list all spells.
You grow a pair of large bovine horns.
Your feet morph into talons.
A frilled lizard comes into view.
You hit the goblin but do no damage. Your kick misses the goblin.
Your punch misses the goblin. The goblin barely misses you.
You barely miss the goblin. Your kick misses the goblin.
Your bite misses the goblin. The goblin hits you but does no damage.
You are poisoned.
You miss the goblin. Your kick misses the goblin.
You feel sick. The goblin barely misses you.
You hit the goblin. Your kick misses the goblin. Your punch misses the goblin.
You bite the goblin, but do no damage.
The goblin is severely wounded.
You feel sick.
The goblin hits you with a +0 dagger of venom.
You are more poisoned.
You are too injured to fight recklessly!
You are too injured to fight recklessly!
Unknown command.
You hit the goblin but do no damage. You punch the goblin.
You kill the goblin!
* * * LOW HITPOINT WARNING * * *
You feel very sick.
Unknown command.
It was a potion of heal wounds.
That seemed strangely inert.
You die...

###########
#.........#
#.#######.#
#.#...###.#######
#.#.#...........#
##.#....##.#####.#
.........#.# #.#
##.........# #@#
#####.##### #)#
#.# #.# #.# #.#
#+# #.# ... ...
... ##


There were no monsters in sight!

Vanquished Creatures
  A dart slug (D:1)
  A giant cockroach (D:1)
  A goblin (D:1)
  A bat (D:1)
4 creatures vanquished.

Notes
Turn   | Place    | Note
-------+----------+-------------------------------------------
     0 | D:1      | Pelinal the Vine Stalker Transmuter began the quest for the
                  | Orb.
     0 | D:1      | Reached XP level 1. HP: 9/9 MP: 4/4
    28 | D:1      | Reached skill level 1 in Fighting
   254 | D:1      | Succumbed to a goblin's poison

Illustrated notes

Levels and vault maps discovered:
D:1:      onia_arrival_mini_spirals, layout_loops_corners,
          chequers_ecumenical_altar_simple_redux

Skill      XL: |  1 |
---------------+----+-----
Fighting       | 1 |  1.0
Dodging        | |  1.6
Unarmed Combat | |  3.0
Spellcasting   | |  2.2
Transmutations | |  2.3

Action                   || total
-------------------------++-------
Melee: Unarmed           ||     9
       Kick              ||     2
       Bite              ||     2
       Punch             ||     1
 Cast: Beastly Appendage ||     4
  Use: Potion            ||     1
Armor: Robe              ||     3
Dodge: Dodged            ||     5

Table legend: (Time is in decaauts)
 A = Elapsed time spent in this place.
 B = Non-inter-level travel time spent in this place.
 C = Inter-level travel time spent in this place.
 D = Time resting spent in this place.
 E = Time spent auto-exploring this place.
 F = Levels seen in this place.
 G = Mean time per level.
                   A        B        C        D        E       F      G
               +--------+--------+--------+--------+--------+-----+--------+
         Total |    253 |    243 |     10 |      0 |    178 |   1 |  253.0 |
       Dungeon |    253 |    243 |     10 |      0 |    178 |   1 |  253.0 |
               +--------+--------+--------+--------+--------+-----+--------+

Top non-repeatable levels by time:
     D:1: 253 daAuts
